 Dungeon Crawl Stone Soup version 0.30-a0-1094-g860fb061e7 (webtiles) character file.

Game seed: 6339799402152015618

9 Esekla the Sneak (level 2, 21/21 HPs)
             Began as an Octopode Delver on Apr 17, 2023.
             Quit the game on level 5 of the Dungeon.
             The game lasted 00:00:34 (63 turns).

Esekla the Sneak (Octopode Delver)                    Turns: 63, Time: 00:00:35

Health: 21/21      AC:  1    Str: 11    XL:     2   Next: 12%
Magic:  2/2        EV: 13    Int: 12    God:
Gold:   26         SH:  0    Dex: 13    Spells: 1/1 levels left

rFire   . . .      SeeInvis .    a - +0 falchion
rCold   . . .      Faith    .    (no shield)
rNeg    . . .      Spirit   .    (helmet restricted)
rPois   .          Reflect  .    (no amulet)
rElec   .          Rampage  .    (no ring)
rCorr   .                        (no ring)
Will    .....                    (no ring)
Stlth   ++++                     (no ring)
HPRegen 0.23/turn                (no ring)
MPRegen 0.08/turn                (no ring)
                                 (no ring)
                                 (no ring)

@: no status effects
A: almost no armour, amphibious, 8 rings, camouflage 1, gelatinous body 1,
(nimble swimmer 1), tentacles
a: no special abilities


You were on level 5 of the Dungeon.
You visited 1 branch of the dungeon, and saw 1 of its levels.

You collected 26 gold pieces.

Inventory:

Hand Weapons
 a - a +0 falchion (weapon)
Wands
 f - a wand of digging (3)
Scrolls
 b - a scroll of fog
 d - a scroll of fear
Potions
 e - a potion of haste


   Skills:
 * Level 3.1 Fighting
 * Level 2.0 Long Blades
 * Level 2.1 Dodging
 + Level 6.9 Stealth
 * Level 0.2 Spellcasting


You had one spell level left.
You didn't know any spells.
Your spell library was empty.

Dungeon Overview and Level Annotations

Branches:
Dungeon (5/15)
 Temple: D:4-7

Altars:
Dithmenos

Annotations:
D:5 Sigmund


Innate Abilities, Weirdness & Mutations

You cannot wear most types of armour.
You are amphibious.
You can wear up to eight rings at the same time.
Your skin changes colour to match your surroundings (Stealth+).
Your rubbery body absorbs attacks. (AC +1, EV +1)
((You are camouflaged when in or above water. (Stealth+)))
You have tentacles for arms and can constrict up to eight enemies at once.


Message History

Welcome, Esekla the Octopode Delver.
Below lies the Orb of Zot, rumoured to be powerful enough to resurrect a god...
Press ? for a list of commands and other information.
Found 12 gold pieces.
Found a stone staircase leading down.
You now have 12 gold pieces.
You open the door.
An adder comes into view.
Found 14 gold pieces.
A water moccasin comes into view.
The water moccasin moves out of view.
There is an open door here.
The adder hisses angrily.
You hit the adder. Your grab misses the adder.
The adder is moderately wounded.
The adder completely misses you.
You hit the adder. Your grab misses the adder.
The adder is severely wounded.
The adder closely misses you. The adder misses you.
You hit the adder.
You kill the adder!
You have reached level 2!
You see here an adder corpse.
You now have 26 gold pieces (gained 14).
As you read the scroll of magic mapping, it crumbles to dust.
You feel aware of your surroundings.
You sensed 1 altar.
Sigmund the Dreaded comes into view.
He is wielding a +0 scythe and wearing a +2 robe of positive energy.
A hound comes into view.
An orc comes into view. It is wielding a +0 falchion.
Found a shadowy altar of Dithmenos.
Are you sure you want to abandon this character and quit the game? (Confirm with "yes".)

*,,*,**,*,*****..# #..
*,,***.#*.#**,*#.# #.#
*.,*,,..,..,,,*#.## #.#
*#.*,*,.#.#,,,##..# #.#
#..##*..o,,*##...#######..
*#...##h_,,##.............
*#...#.#*##..#.##########
*#....###..##.# *,....
*#....@..##..# *,####
####.......## *.####
######### *@.... *#####


There were no monsters in sight!

Vanquished Creatures
  An adder (D:5)
1 creature vanquished.

Notes
Turn   | Place    | Note
-------+----------+-------------------------------------------
     0 | D:5      | Esekla the Octopode Delver began the quest for the Orb.
     0 | D:5      | Reached XP level 1. HP: 16/16 MP: 1/1
     6 | D:5      | Noticed a water moccasin
    11 | D:5      | Reached XP level 2. HP: 21/21 MP: 2/2
    34 | D:5      | Noticed Sigmund
    60 | D:5      | Found a shadowy altar of Dithmenos.
    63 | D:5      | Quit the game

Illustrated notes

Levels and vault maps discovered:
D:5:      layout_basic, minmay_ruined_shrine, uniq_sigmund, uniq_menkaure

Action                     || total
---------------------------++-------
  Melee: Falchion          ||     3
    Use: Scroll            ||     1
  Dodge: Dodged            ||     3

Table legend: (Time is in decaauts)
 A = Elapsed time spent in this place.
 B = Non-inter-level travel time spent in this place.
 C = Inter-level travel time spent in this place.
 D = Time resting spent in this place.
 E = Time spent auto-exploring this place.
 F = Levels seen in this place.
 G = Mean time per level.
                   A        B        C        D        E       F      G
               +--------+--------+--------+--------+--------+-----+--------+
         Total |     63 |     63 |      0 |      0 |      0 |   1 |   63.0 |
       Dungeon |     63 |     63 |      0 |      0 |      0 |   1 |   63.0 |
               +--------+--------+--------+--------+--------+-----+--------+

Top non-repeatable levels by time:
     D:5: 63 daAuts
